 Dungeon Crawl Stone Soup version 0.27-a0-1555-g0e7b3fb1d2 (webtiles) character file.

Game seed: 7351906913429897766

57 Tocho the Firebug (level 4, -3/40 HPs)
             Began as an Ogre Fire Elementalist on July 14, 2021.
             Slain by Sigmund (6 damage)
             ... on level 2 of the Dungeon.
             The game lasted 00:03:54 (2827 turns).

Tocho the Firebug (Ogre Fire Elementalist)          Turns: 2827, Time: 00:03:55

Health: -3/40      AC:  3    Str:  9 (12) XL:     4   Next: 0%
Magic:  1/8        EV:  9    Int: 14 (17) God:
Gold:   17         SH:  0    Dex:  7 (9)  Spells: 8/9 levels left

rFire    . . .     SeeInvis .   (no weapon)
rCold    . . .     Faith    .   (no shield)
rNeg     . . .     Spirit   .   a - +0 robe
rPois    .         Reflect  .   (helmet restricted)
rElec    .         Harm     .   (no cloak)
rCorr    .         Rampage  .   (gloves unavailable)
Will     .....                  (boots unavailable)
Stlth    +.........             (no amulet)
HPRegen  0.13/turn              (no ring)
MPRegen  0.11/turn              (no ring)

@: very slightly contaminated
A: large, unfitting armour, tough skin 1
a: no special abilities


You were on level 2 of the Dungeon.
You visited 1 branch of the dungeon, and saw 2 of its levels.

You collected 17 gold pieces.

Inventory:

Missiles
 d - 7 datura-tipped darts
Armour
 a - a +0 robe (worn)
Scrolls
 c - 4 scrolls of identify {unknown}
 e - a scroll of teleportation {unknown}


   Skills:
 + Level 0.4 Fighting
 + Level 2.1 Dodging
 + Level 1.4 Stealth
 + Level 0.8 Unarmed Combat
 + Level 3.1 Spellcasting
 + Level 1.2 Conjurations
 + Level 3.3 Fire Magic


You had 8 spell levels left.
You knew the following spells:

 Your Spells              Type           Power      Damage    Failure   Level
a - Foxfire               Conj/Fire      32%        2x1d5     9%          1

Your spell library contained the following spells:

 Spells                   Type           Power      Damage    Failure   Level
 Conjure Flame            Conj/Fire      8%         6-21      26%         3
 Inner Flame              Hex/Fire       6%         N/A       32%         3
 Sticky Flame             Conj/Fire      8%         2d3       63%         4
 Fireball                 Conj/Fire      4%         3d4       93%         5


Dungeon Overview and Level Annotations

Branches:
Dungeon (2/15)

Altars:

Shops:
D:1 [   D:2 (

Annotations:
D:2 Sigmund


Innate Abilities, Weirdness & Mutations

You are too large for most types of armour.
You have tough skin. (AC +1)


Message History

Nothing appears to happen.
The foxfire hits the frilled lizard.
You kill the frilled lizard!
The foxfire hits something.
Something tries to affect you, but you resist.
You have reached level 4!
Casting: Foxfire (safe; 7% risk of failure)
Press: ? - help, Q - select action, (/) - cycle Dir - look around, f - activate You miscast Foxfire.
Nothing appears to happen.
Casting: Foxfire (safe; 7% risk of failure)
Press: ? - help, Q - select action, (/) - cycle Dir - look around, f - activate You miscast Foxfire.
Nothing appears to happen.
The adder barely misses you.
Casting: Foxfire (safe; 7% risk of failure)
Press: ? - help, Q - select action, (/) - cycle Dir - look around, f - activate You conjure some foxfire!
The adder barely misses you. Something hits you!
Casting: Foxfire (safe; 7% risk of failure)
Press: ? - help, Q - select action, (/) - cycle Dir - look around, f - activate You conjure some foxfire!
The foxfire hits something. x2; The adder misses you.
Something hits you. The adder barely misses you.
You don't have enough magic to cast this spell.
Unknown command.
You don't have enough magic to cast this spell.
Unknown command.
You don't have enough magic to cast this spell.
Unknown command.
You closely miss the adder.
The foxfire hits something. x2
The adder closely misses you. Something hits you!
You closely miss the adder. The adder bites you.
Something hits you but does no damage. Something hits you!
* * * LOW HITPOINT WARNING * * *
The adder barely misses you.
It was a potion of degeneration.
There was something very wrong with that liquid.
You feel weakened.
You feel dopey.
You feel clumsy. The adder closely misses you. Something hits you.
You die...

....... ###.....).
.......## .
#...#..... ....(.#..
.###..#.#....
........#
.....#...#...
#.†.).# ##.#..∩..#..
#...# #..#...#...
##..## #...#.#...#
##..######
#....#...##
#..S@...# #.########
#.#####.###..#
#.#####..###.##
..........##†.#
.........#.....#
.........####..####
..........##.....>.#
........##.......#
........##.......#


You could see an adder.

Vanquished Creatures
  2 adders
  2 dart slugs
  2 ball pythons
  An endoplasm (D:1)
  2 giant cockroaches
  A goblin (D:1)
  3 hobgoblins
  10 jackals
  2 quokkas
  3 frilled lizards
  2 kobolds
  A rat (D:2)
31 creatures vanquished.

Vanquished Creatures (others)
  134 foxfires
134 creatures vanquished.

Grand Total: 165 creatures vanquished

Notes
Turn   | Place    | Note
-------+----------+-------------------------------------------
     0 | D:1      | Tocho the Ogre Fire Elementalist began the quest for the
                  | Orb.
     0 | D:1      | Reached XP level 1. HP: 16/16 MP: 3/3
   385 | D:1      | Reached XP level 2. HP: 24/24 MP: 0/5
   893 | D:1      | Found Xaolapru's Antique Armour Emporium.
  1161 | D:1      | Found a faded altar of an unknown god.
  1323 | D:1      | Reached skill level 1 in Conjurations
  1323 | D:1      | Reached XP level 3. HP: 31/31 MP: 1/7
  2354 | D:2      | Found Ilawau's Weapon Emporium.
  2814 | D:2      | Noticed Sigmund
  2817 | D:2      | Reached XP level 4. HP: 38/40 MP: 4/8
  2823 | D:2      | HP: 2/40 [something (13)]
  2827 | D:2      | Slain by Sigmund

Illustrated notes

Levels and vault maps discovered:
D:1:      dpeg_arrival_pits, layout_basic,
          hellmonk_ecumenical_altar_arch_garden, serial_forest,
          infiniplex_forest_straight_3, infiniplex_forest_straight_3,
          infiniplex_forest_lined_3, infiniplex_forest_end_1,
          infiniplex_forest_fountain, serial_shops, shop
D:2:      layout_rooms, serial_glass, glass_columns_a, glass_columns_c,
          glass_columns_c, glass_columns_a, serial_shops, nicolae_diamond_shop,
          uniq_sigmund

Skill      XL: |  1  2  3 |
---------------+----------+-----
Fire Magic     | 3 |  3.3
Conjurations   | 1 |  1.2
Dodging        | 2 |  2.1
Spellcasting   | 3 |  3.1
Fighting       | |  0.4
Stealth        | |  1.4
Unarmed Combat | |  0.8

Action                   |  1- 3 |  4- 6 || total
-------------------------+-------+-------++-------
Melee: Unarmed           |    62 |     2 ||    64
 Cast: Foxfire           |    76 |     2 ||    78
  Use: Potion            |       |     1 ||     1
Armor: Robe              |    34 |     1 ||    35
Dodge: Dodged            |    43 |     7 ||    50

Table legend: (Time is in decaauts)
 A = Elapsed time spent in this place.
 B = Non-inter-level travel time spent in this place.
 C = Inter-level travel time spent in this place.
 D = Time resting spent in this place.
 E = Time spent auto-exploring this place.
 F = Levels seen in this place.
 G = Mean time per level.
                   A        B        C        D        E       F      G
               +--------+--------+--------+--------+--------+-----+--------+
         Total |   2828 |   2766 |     62 |    766 |   1758 |   2 | 1414.0 |
       Dungeon |   2828 |   2766 |     62 |    766 |   1758 |   2 | 1414.0 |
               +--------+--------+--------+--------+--------+-----+--------+

Top non-repeatable levels by time:
     D:1: 2489 daAuts
     D:2: 338 daAuts
